Mecha, lawful female human Samurai -------- --------- ------ |.......###############|.......| |....| |......| #|.......| ##.....| |......-### ##|.......| # |....| |..^...| # # ##|........#### |....| |.......###############-------|-#####....[| -.------ ###################### --.--- # ### ### # ### # # # # # ### ### # -----------# ################ # # # |..........# # ###-----.- ### ###### ### |.........|### ......| # -.---------- # |.........| # |.....|# ##...........|## ##### |.........| ### #.......# |%.........-# --.-|- |@)........#####%00###|.....|##############+<.........|########..%..| ----------- ####0##|..>..| 0 |..........| |....| ----|-- +..........| |..{.| ------------ ------ Mecha the Joshu Experience level: 11 Strength: 13 Dexterity: 18 Constitution: 18 Intelligence: 7 Wisdom: 10 Charisma: 6 Health: 0(111) Energy: 47(47) AC: -2 Gold: 0 Moves: 12765 Your Inventory: Weapons a - a blessed rusty corroded +4 katana (weapon in hand) c - an uncursed +0 yumi d - 15 uncursed +0 ya E - 20 uncursed [+0] arrows (in quiver) Armor l - a blessed rotted +1 elven leather helm (being worn) n - an uncursed +1 elven cloak (being worn) o - a blessed +0 pair of riding boots [elven] (being worn) F - an uncursed +0 pair of fencing gloves [gauntlets of dexterity] (being worn) S - an uncursed +0 dwarvish mithril-coat (being worn) Wands f - an [uncursed] wand of digging [0:5] D - an uncursed wand called not revealed by engraving [of undead turning (0:5)] I - an [uncursed] wand called sleep/death [of sleep (0:6)] M - an [uncursed] wand of digging [0:3] R - an uncursed wand of lightning [0:3] Z - an [uncursed] wand of magic missile [0:0] Tools e - an [uncursed] osaku s - an uncursed towel B - an uncursed bag called holding [of holding] K - an uncursed stethoscope P - an uncursed tin whistle Contents of the bag of holding: 4365 gold pieces 29 [cursed +0] arrows an [uncursed +1] bow 9 cursed [+0] elven arrows 5 [cursed] poisoned [+0] orcish arrows an [uncursed +0] dwarvish cloak a cursed [-3] pair of combat boots [water walking] an uncursed K-ration an [uncursed] cram ration 3 uncursed [stale] eggs an [uncursed stale cockatrice] egg an [uncursed] fortune cookie 4 uncursed gunyoki an uncursed lizard corpse 2 [uncursed] pears an [uncursed] slime mold an [uncursed] tripe ration 2 uncursed scrolls called 150 [of genocide] 2 uncursed scrolls called ID [of identify] a cursed scroll called enchant armour/remove curse [of remove curse] a cursed scroll labeled LEP GEX VEN ZEA [of magic mapping] an uncursed scroll labeled PHOL ENDE WODAN [of create monster] a blessed scroll labeled ZLORFIK [of teleportation] 3 uncursed scrolls of enchant armor an [uncursed] unlabeled scroll [of blank paper] an [uncursed] left-handed spellbook [of sleep] an [uncursed] spellbook of magic mapping an uncursed violet spellbook [of invisibility] an uncursed black potion [of hallucination] a cursed clear potion [of unholy water] an [uncursed] clear potion [of water] an uncursed magenta potion [of blindness] an [uncursed] pink potion [of enlightenment] 2 blessed potions called 100 [of full healing] an [uncursed] potion called 100 [of full healing] an uncursed potion called 150 [of gain ability] a cursed potion called 50 [of confusion] a cursed potion called 50 [of sleeping] 2 uncursed potions of object detection a [cursed] potion of sickness an [uncursed] silver potion [of speed] an uncursed wand of digging [0:4] an uncursed wand of digging [0:4] a [blessed] wand of digging [0:3] an uncursed can of grease [0:18] an uncursed [oil] lamp called oil (0:0) 4 [uncursed] blue gems [worthless glass] an [uncursed] orange gem [worthless glass] 3 [uncursed] yellow gems [worthless glass] Spells known in the end: Name Level Category Fail Memory a - stone to flesh 3 healing 100% [|||||...] b - force bolt 1 attack 100% [|||||...] c - levitation 4 escape 100% [|||||...] d - detect monsters 1 divination 100% [|||||...] e - magic mapping 5 divination 100% [|||||||.] Your skills at the end: Fighting Skills martial arts [Basic / Master] body armor [Skilled / Expert] Weapon Skills short sword [Basic / Expert] long sword [Expert / Expert] bow [Basic / Expert] Spellcasting Skills Final Attributes: You were piously aligned. Hunger level was 733. Your alignment was 73 / 73. Monster difficulty range was 3 - 14. Level difficulty was 18. You resisted cold. You were telepathic. You were stealthy. You were fast. Your luck was zero. You are dead. Vanquished creatures: 2 frost giants a vampire a ghost a locust a fire giant an ogre king a doppelganger a large mimic 3 stalkers 2 fire elementals an earth elemental 2 black nagas 5 giant zombies a sergeant a warg 2 winter wolves a rodent of unusual size a xan an ogre lord a gelatinous cube a freezing sphere a flaming sphere a large cat a gargoyle a dwarf king a leocrotta an energy vortex an elf mummy a pit viper 2 pythons 6 ettin zombies a leather golem 3 Grey-elves a succubus an incubus 2 giant beetles a cockatrice 3 wolves a leprechaun 2 orc-captains an iron piercer a scorpion an ice vortex a black light a vampire bat a forest centaur a dwarf mummy an ogre 2 brown puddings 2 rust monsters a gold golem 2 werewolves 3 lizards a dog a dingo a jaguar a dwarf lord 4 dust vortices 2 plains centaurs 2 gnome mummies a snake an ape 7 human zombies a rope golem a Woodland-elf a soldier ant 3 fire ants a bugbear an imp a wood nymph a water nymph 2 Uruk-hai an orc shaman an enormous rat a rock mole 2 ponies a yellow light a shrieker a violet fungus 7 gnome lords 3 gnomish wizards 2 gray oozes an elf zombie 2 straw golems 2 wax golems a baby crocodile 5 giant ants a little dog 3 floating eyes a kitten 4 dwarves 2 kobold shamans 7 hill orcs 9 rothes a giant bat 6 dwarf zombies 2 wererats a werejackal 5 iguanas 3 acid blobs 4 coyotes a gas spore 4 hobbits 2 manes 2 large kobolds a hobgoblin 3 giant rats 2 cave spiders a brown mold a yellow mold a green mold 42 gnomes 2 gnome zombies 8 geckos 10 jackals 2 foxes a kobold 2 goblins 2 sewer rats 2 grid bugs 2 lichens a kobold zombie 12 newts 297 creatures vanquished. Voluntary challenges: You used a wielded weapon 545 times. You read items or engraved 27 times. You put on armor 22 times. You never genocided any monsters. You never polymorphed an object. You never changed form. You used no wishes. You wrote Elbereth's name 2 times. You never encountered a bones level. You never used any Sokoban shortcuts. Dungeon overview: The Dungeons of Doom: levels 1 to 18 Level 1 a fountain a long staircase Level 2 a tin shop, a fountain Level 3 a general store stairs to The Gnomish Mines Level 4 a fountain Level 5 a fountain Level 6 some fountains Level 7 many fountains Level 8 a fountain stairs to Sokoban Level 9 a fountain Level 10 (dilapadated armoury) an altar stairs to Town Level 11 a fountain Level 12 a sink Level 13 a sink Level 14 a fountain Level 15 (monster zoo) a fountain Level 18 <- You were here a fountain The Gnomish Mines: levels 4 to 8 Level 4 stairs to The Dungeons of Doom Level 7 many shops, a temple to Amaterasu Omikami, a magic chest, some fountains Sokoban: Level 7 a magic chest stairs to The Dungeons of Doom Town: Level 9 stairs to The Dungeons of Doom History has recorded: On T:1 you entered the Dungeons of Doom to retrieve the Amulet of Yendor! On T:399 you reached level 2 of The Dungeons of Doom. On T:506 you advanced to experience level 2. On T:605 you reached level 4 of The Dungeons of Doom. On T:609 you advanced to experience level 3. On T:667 you advanced to experience level 4. On T:771 you reached level 3 of The Dungeons of Doom. On T:777 you reached level 1 of The Gnomish Mines. On T:1409 you advanced to experience level 5. On T:1807 you advanced to experience level 6. On T:1851 you reached level 2 of The Gnomish Mines. On T:2166 you reached level 3 of The Gnomish Mines. On T:2192 you advanced to experience level 7. On T:2252 you reached level 4 of The Gnomish Mines. On T:2623 you advanced to experience level 8. On T:2971 you reached level 5 of The Gnomish Mines. On T:3643 you reached level 5 of The Dungeons of Doom. On T:3963 you reached level 6 of The Dungeons of Doom. On T:4751 you reached level 7 of The Dungeons of Doom. On T:4962 you advanced to experience level 9. On T:5057 you reached level 8 of The Dungeons of Doom. On T:5223 you reached level 3 of Sokoban. On T:5825 you reached level 9 of The Dungeons of Doom. On T:6239 you reached level 10 of The Dungeons of Doom. On T:6310 you reached level 3 of Town. On T:6523 you reached level 11 of The Dungeons of Doom. On T:7157 you reached level 12 of The Dungeons of Doom. On T:7353 you advanced to experience level 10. On T:7380 you reached level 13 of The Dungeons of Doom. On T:9514 you reached level 14 of The Dungeons of Doom. On T:9955 you reached level 15 of The Dungeons of Doom. On T:10423 you reached level 16 of The Dungeons of Doom. On T:10484 you reached level 17 of The Dungeons of Doom. On T:10859 you advanced to experience level 11. On T:11889 you reached level 18 of The Dungeons of Doom. Latest messages: You are jolted with electricity! The air around you crackles with electricity. You get expelled! The energy vortex engulfs you! The air around you crackles with electricity. [HP-23=30] You hit the energy vortex. You are jolted with electricity! The air around you crackles with electricity. [HP-26=4] You destroy the energy vortex! [HP+2=6] [HP+2=8] [HP+2=10] [HP+2=12] You are almost hit by an elven dagger. You stop searching. [8 turns] [HP+2=14] It is missed. You are hit by an elven spear! You die... Final status: Sayonara Mecha the Samurai... You died in The Dungeons of Doom on dungeon level 18 with 22023 points, and 4365 pieces of gold, after 12765 moves. You were level 11 with a maximum of 111 hit points when you died.